 Dungeon Sprint DCSS version 0.30-a0-137-gd8773701ce (webtiles) character file.

Game seed: 3769906400597355921

121 Pilot the Shield-Bearer (level 4, -1/49 HPs)
             Began as a Troll Fighter on Sept 22, 2022.
             Was an Initiate of Gozag.
             Slain by an air elemental (10 damage)
             ... in the Dungeon (Sprint V: "Ziggurat Sprint").
             The game lasted 00:07:40 (164 turns).

Pilot the Shield-Bearer (Troll Fighter)              Turns: 164, Time: 00:07:42

Health: -1/49      AC: 20    Str: 30    XL:     4   Next: 76%
Magic:  3/3        EV:  0    Int:  4    God:    Gozag
Gold:   99         SH: 27    Dex: 17    Spells: 3/3 levels left

rFire   + . .      SeeInvis +    F - +14 obsidian axe {vorpal, Mesm Drain Fly SInv}
rCold   + . .      Faith    .    E - +18 shield of the Gong {rElec rN+ Will+ EV-5}
rNeg    + . .      Spirit   .    n - +5 gold dragon scales
rPois   +          Reflect  .    (helmet restricted)
rElec   +          Harm     .    (no cloak)
rCorr   .          Rampage  .    (gloves unavailable)
Will    +....      NoTele   +    (boots unavailable)
Stlth   ..........               (no amulet)
HPRegen 0.96/turn                y - +6 ring of dexterity
MPRegen 0.08/turn                C - +6 ring of strength

@: flying, mesmerised
A: large, unfitting armour, claws 3, regeneration 1, shaggy fur 1, tough skin 1
a: Renounce Religion, Potion Petition, Call Merchant, Bribe Branch


You were in the Dungeon.
You worshipped Gozag.
Gozag was noncommittal.
You visited 1 branch You collected 99 gold pieces.

Inventory:

Hand Weapons
 F - the +14 obsidian axe (weapon) {vorpal, Mesm Drain Fly SInv}
   (You found it in the Dungeon)

   It inflicts extra damage upon your enemies.
   It occasionally summons demons to assist the wielder when it strikes in
   combat.
   Its wielder is mesmerised by any visible foes.
   It cannot be unequipped while any foes are visible.
   SInv:      It lets you see invisible.
   Fly:       It grants you flight.
   Drain:     It drains your maximum health when unequipped.
 G - the +9 heavy crossbow "Sniper" {vorpal, Acc+∞ SInv}
   (You found it in the Dungeon)

   Any ammunition fired from it inflicts extra damage upon your enemies.
   Any ammunition fired from it never misses its target.
   SInv:      It lets you see invisible.
Armour
 a - a +0 robe
 n - +5 gold dragon scales (worn)
 o - a +3 tower shield
 E - the +18 shield of the Gong (worn) {rElec rN+ Will+ EV-5}
   (You found it in the Dungeon)

   It is deafeningly noisy when blocking attacks.
   EV:        It affects your evasion (-5).
   rElec:     It insulates you from electricity.
   rN:        It protects you from negative energy.
   Will:      It increases your willpower.
Jewellery
 w - a ring of flight
 x - a +6 ring of dexterity
 y - a +6 ring of dexterity (left claw)
 z - a +6 ring of intelligence
 A - a +6 ring of intelligence
 B - a +6 ring of strength
 C - a +6 ring of strength (right claw)
Wands
 t - a wand of mindburst (7)
 u - a wand of iceblast (7)
 v - a wand of quicksilver (7)
Scrolls
 i - 4 scrolls of blinking
 p - 4 scrolls of amnesia
 q - 7 scrolls of butterflies
 r - 5 scrolls of identify
 s - 2 scrolls of fear
Potions
 c - 6 potions of might
 d - 10 potions of curing
 e - 10 potions of heal wounds
 f - 6 potions of haste
 g - 7 potions of magic
 h - 3 potions of berserk rage
 j - 2 potions of brilliance
 k - 2 potions of invisibility
 l - 4 potions of resistance
 m - a potion of experience
Miscellaneous
 D - a lightning rod (3/4)


   Skills:
 + Level 4.5 Fighting
 + Level 0.2 Axes
 * Level 3.5 Armour
 + Level 4.7 Dodging
 + Level 5.1 Shields
 - Level 2.0 Unarmed Combat


You had 3 spell levels left.
You didn't know any spells.
Your spell library was empty.

Dungeon Overview and Level Annotations

Branches:
Dungeon (1/1)

Altars:
Ashenzari
Cheibriados
Dithmenos
Elyvilon
Fedhas
Gozag
Hepliaklqana
Kikubaaqudgha
Makhleb
Nemelex Xobeh
Okawaru
Qazlal
Ru
Sif Muna
Trog
Uskayaw
Vehumet
Wu Jian
Xom
Yredelemnul
Zin
The Shining One
Jiyva
Lugonu

Annotations:
D 1 transporter


Innate Abilities, Weirdness & Mutations

You are too large for most types of armour.
You have claws for hands.
Your natural rate of healing is unusually fast.
You are covered in fur. (AC +1)
You have tough skin. (AC +1)


Message History

GONNNNG!
You closely miss the air elemental.
The air elemental is severely damaged.
You miss the air elemental. You slash the air elemental!
You block the air elemental's attack.
GONNNNG!
You block the air elemental's attack.
GONNNNG!
The air elemental hits you!
The air elemental hits you but does no damage.
You block the air elemental's attack.
GONNNNG!
The air elemental hits you but does no damage.
The air elemental fires a burst of electricity at you.
The stunning burst hits you! You resist.
You suddenly lose the ability to move!
The air elemental hits you but does no damage.
The air elemental fires a burst of electricity at you.
The stunning burst hits you but does no damage.
The air elemental hits you!
* * * LOW HITPOINT WARNING * * *
The air elemental hits you.
* * * LOW HITPOINT WARNING * * *
Your red devil hits the air elemental with a +0 trident!
The air elemental hits you but does no damage.
You can move again.
You closely miss the air elemental.
The air elemental is severely damaged.
You barely miss the air elemental. You slash the air elemental!
You block the air elemental's attack.
SHROANNG!
The air elemental hits you but does no damage.
The air elemental fires a burst of electricity at you.
The stunning burst hits you but does no damage.
You shrug off the repeated paralysis!
You block the air elemental's attack.
BONNNG!
The air elemental fires a burst of electricity at you.
The stunning burst hits you but does no damage.
You resist. The air elemental hits you!
You die...
Your body crumbles into a pile of gold.

▓▓▓▓▓▓▓▓▓▓▓▓▓
▓.8©8.▓.8©8.▓
▓.)||.▓.....▓
▓.....▓.).).▓
▓.....▓.....▓
▓.....▓.....▓
▓.EEE4▓..©..▓
▓..@..▓▓▓▓▓▓▓
▓▓▓▓▓▓▓


You could see 3 air elementals and a friendly red devil (summoned).

Vanquished Creatures
  2 bullfrogs (D)
2 creatures vanquished.

Notes
Turn   | Place    | Note
-------+----------+-------------------------------------------
     0 | D        | Pilot the Troll Fighter began the quest for the Orb.
     0 | D        | Reached XP level 1. HP: 22/22 MP: 0/0
     0 | D        | Found a shimmering blue altar of Sif Muna.
     0 | D        | Found a sacrificial altar of Ru.
     0 | D        | Found a bloodstained altar of Trog.
     0 | D        | Found a stormy altar of Qazlal.
     0 | D        | Found an iron altar of Okawaru.
     0 | D        | Found a sparkling altar of Nemelex Xobeh.
     0 | D        | Found a blossoming altar of Fedhas.
     0 | D        | Found the +6 Majin-Bo {vamp, MP+6 Int+6}
     0 | D        | Found the +9 heavy crossbow "Sniper" {vorpal, Acc+∞ SInv}
     0 | D        | Found the +10 dark maul {vorpal}
     0 | D        | Found the +15 Maxwell's patent armour {-Cast -Tele rElec
                  | Will+ rCorr}
     0 | D        | Found the +18 shield of the Gong {rElec rN+ Will+ EV-5}
     0 | D        | Found the +14 obsidian axe {vorpal, Mesm Drain Fly SInv}
     0 | D        | Found the +7 great mace "Firestarter" {inner flame, rF++}
     0 | D        | Found the +6 shillelagh "Devastator" {shatter}
     0 | D        | Found the +11 plutonium sword {Contam Stlth-}
     0 | D        | Found the +8 lance "Wyrmbane" {slay drac, rPois rF+ rC+
                  | AC+3}
     0 | D        | Found the +9 sword of Zonguldrok {reap}
     0 | D        | Found the +13 scythe of Curses {drain, Drain}
     0 | D        | Found the +5 sword of Power {vorpal}
     0 | D        | Found the +7 mace of Variability {chain chaos}
     0 | D        | Found the +7 Singing Sword {vorpal, sonic wave}
     0 | D        | Found the +8 storm bow {elec, penet}
     2 | D        | Found an ancient bone altar of Kikubaaqudgha.
     2 | D        | Found a transporter.
     2 | D        | Found a corrupted altar of Lugonu.
     2 | D        | Found a viscous altar of Jiyva.
     2 | D        | Found a burning altar of Makhleb.
     2 | D        | Found a hazy altar of Hepliaklqana.
     2 | D        | Found an opulent altar of Gozag.
    78 | D        | Became a worshipper of Gozag Ym Sagoz the Greedy
   146 | D        | Entered arena 2.
   146 | D        | Noticed a bullfrog
   146 | D        | Noticed a bullfrog
   146 | D        | Found a transporter.
   148 | D        | Killed a bullfrog
   149 | D        | Reached skill level 4 in Shields
   149 | D        | Reached XP level 2. HP: 31/32 MP: 1/1
   149 | D        | Reached XP level 3. HP: 38/39 MP: 2/2
   151 | D        | Killed a bullfrog
   152 | D        | Reached skill level 5 in Shields
   152 | D        | Reached XP level 4. HP: 49/49 MP: 3/3
   160 | D        | Entered arena 3.
   160 | D        | Noticed an air elemental
   160 | D        | Noticed an air elemental
   160 | D        | Noticed an air elemental
   160 | D        | Found a transporter.
   160 | D        | Paralysed by an air elemental for 1 turns
   163 | D        | Paralysed by an air elemental for 1 turns
   164 | D        | Slain by an air elemental

Illustrated notes

Levels and vault maps discovered:
D:        sprint_v [room_start, room_1, room_2, room_3, room_4, room_5, room_6,
          room_7, room_8, room_9, room_10, room_11, room_12, room_13, room_14,
          room_15, room_16, room_17, room_18, room_19, room_20, room_21,
          room_22, room_23, room_24, room_25, room_26, room_27]

Skill      XL: |  1  2  3 |
---------------+----------+-----
Fighting       | 3 4 |  4.5
Armour         | 2 3 |  3.5
Dodging        | 4 |  4.7
Shields        | 4 5 |  5.1
Axes           | |  0.2
Unarmed Combat | |  2.0

Action                   |  1- 3 |  4- 6 || total
-------------------------+-------+-------++-------
Melee: Broad axe         |     5 |     3 ||     8
Evoke: Lightning rod     |       |     1 ||     1
Armor: Gold dragon scale |     4 |    13 ||    17
Block: Kite shield       |     7 |    11 ||    18

Table legend: (Time is in decaauts)
 A = Elapsed time spent in this place.
 B = Non-inter-level travel time spent in this place.
 C = Inter-level travel time spent in this place.
 D = Time resting spent in this place.
 E = Time spent auto-exploring this place.
 F = Levels seen in this place.
 G = Mean time per level.
                   A        B        C        D        E       F      G
               +--------+--------+--------+--------+--------+-----+--------+
         Total |    167 |     89 |     78 |      0 |      7 |   1 |  167.0 |
       Dungeon |    167 |     89 |     78 |      0 |      7 |   1 |  167.0 |
               +--------+--------+--------+--------+--------+-----+--------+

Top non-repeatable levels by time:
       D: 167 daAuts
